 Dungeon Crawl Stone Soup version 0.30-a0-371-gad7725a93e (webtiles) character file.

Game seed: 13376792098019751481

79 Drevant2 the Insei (level 4, -2/35 HPs)
             Began as a Meteoran Transmuter on Nov 22, 2022.
             Slain by a gnoll
             ... wielding a +0 club
              (5 damage)
             ... on level 2 of the Dungeon.
             The game lasted 00:03:45 (1336 turns).

Drevant2 the Insei (Meteoran Transmuter)            Turns: 1336, Time: 00:03:46

Health: -2/35      AC:  2    Str: 12    XL:     4   Next: 96%
Magic:  9/9        EV: 12    Int: 14    God:
Gold:   122        SH:  0    Dex: 16    Spells: 4/9 levels left

rFire   . . .      SeeInvis .      - Unarmed
rCold   . . .      Faith    .    (no shield)
rNeg    . . .      Spirit   .    a - +0 robe
rPois   .          Reflect  .    (helmet currently unavailable)
rElec   .          Harm     .    (no cloak)
rCorr   .          Rampage  .    (no gloves)
Will    .....                    (boots currently unavailable)
Stlth   +.........               (no amulet)
HPRegen 0.25/turn                (no ring)
MPRegen 0.11/turn                (no ring)

@: appendages (expiring), glowing
A: horns 2, talons 2, sense surroundings 1, otherworldly, glowing, explore regen
a: End Transformation


You were on level 2 of the Dungeon.
You had temporarily grown beastly horns and talons.
You visited 1 branch of the dungeon, and saw 3 of its levels.

You collected 122 gold pieces.

Inventory:

Armour
 a - a +0 robe (worn)
Jewellery
 j - a +6 ring of strength
 o - a ring of wizardry
Scrolls
 f - a scroll of acquirement {unknown}
 g - a scroll of enchant weapon {unknown}
 k - a scroll of teleportation {unknown}
 l - 3 scrolls of poison {unknown}
Potions
 b - a potion of lignification
 c - a potion of mutation {unknown}
 d - a potion of haste {unknown}
 e - a potion of heal wounds
 h - a potion of might {unknown}
 i - a potion of curing {unknown}
 m - a potion of cancellation {unknown}
 n - a potion of berserk rage {unknown}


   Skills:
 - Level 1.1 Fighting
 - Level 2.4 Dodging
 - Level 0.2 Stealth
 + Level 4.9 Unarmed Combat
 - Level 3.3 Spellcasting
 * Level 3.7 Transmutations


You had 4 spell levels left.
You knew the following spells:

 Your Spells              Type           Power      Damage    Failure   Level
a - Beastly Appendage     Tmut           24%        N/A       4%          1
b - Ice Form              Ice/Tmut       7%         N/A       67%         4

Your spell library contained the following spells:

 Spells                   Type           Power      Damage    Failure   Level
 Wereblood                Tmut           12%        N/A       7%          2
 Passwall                 Tmut/Erth      5%         N/A       14%         2
 Sandblast                Erth           4%         2d4       22%         1
 Spider Form              Tmut/Pois      7%         N/A       28%         3
 Ignite Poison            Fire/Tmut/Pois 5%         N/A       36%         3
 Kindle Blastsparks       Fire/Tloc/Air  4%         2d10      54%         3
 Stone Arrow              Conj/Erth      4%         3d7       54%         3
 Freezing Cloud           Conj/Ice/Air   1%         6-21      99%         5


Dungeon Overview and Level Annotations

Branches:
Dungeon (3/15) Zot: 473

Altars:


Innate Abilities, Weirdness & Mutations

You have temporarily grown beastly horns and talons.
You passively map a small area around you.
You are easily found by Zot.
You glow in the dark.
You regain HP and MP as you explore.


Message History

The gnoll hits you from afar with a +0 spear!
* * * LOW HITPOINT WARNING * * *
The gnoll barely misses you. The gnoll attacks as you move away!
The gnoll barely misses you. The gnoll attacks as you move away!
The gnoll hits you with a +0 club.
* * * LOW HITPOINT WARNING * * *
There is a stone staircase leading up here.
The gnoll misses you. The gnoll closely misses you.
You climb upwards.
Magic restored.
There is a stone staircase leading down here.
You hit the gnoll. You claw the gnoll.
The gnoll is heavily wounded.
The gnoll hits you with a +0 club.
* * * LOW HITPOINT WARNING * * *
The gnoll closely misses you.
You closely miss the gnoll. You headbutt the gnoll.
The gnoll is severely wounded.
The gnoll closely misses you. The gnoll hits you with a +0 club.
* * * LOW HITPOINT WARNING * * *
You barely miss the gnoll. You claw the gnoll.
You kill the gnoll!
Your transformation is almost over.
You see here a +0 club.
You hit the gnoll but do no damage. You claw the gnoll.
The gnoll is lightly wounded.
The gnoll hits you with a +0 club.
* * * LOW HITPOINT WARNING * * *
You hit the gnoll but do no damage.
The gnoll is lightly wounded.
The gnoll hits you with a +0 club.
* * * LOW HITPOINT WARNING * * *
You closely miss the gnoll. You claw the gnoll, but do no damage.
The gnoll is lightly wounded.
The gnoll hits you with a +0 club.
* * * LOW HITPOINT WARNING * * *
You hit the gnoll. You claw the gnoll, but do no damage.
Your headbutt misses the gnoll.
The gnoll is moderately wounded.
The gnoll hits you with a +0 club.
You die...

#.# ,, ....(.....# , #.
#.#, ###.......# * * #†
#.# * ###...### #. #.#
#...# ....... #.#, #####
####### #.#, #.# #.#
*############# #.#
.......g@...# #.#
###########.# #.###### *
*########## #......# *
.........# ######.# *
########.# #.# ######.##
#.################........
#..................#######
####################


You could see a gnoll.

Vanquished Creatures
  2 adders (D:2)
  A gnoll (D:2)
  2 worms (D:2)
  A dart slug (D:1)
  8 endoplasms
  2 giant cockroaches (D:1)
  2 hobgoblins
  2 jackals (D:2)
  7 kobolds
  3 quokkas
  2 ball pythons
  5 bats
  2 frilled lizards
  2 goblins
  A rat (D:1)
42 creatures vanquished.

Notes
Turn   | Place    | Note
-------+----------+-------------------------------------------
     0 | D:1      | Drevant2 the Meteoran Transmuter began the quest for the
                  | Orb.
     0 | D:1      | Reached XP level 1. HP: 16/16 MP: 5/5
    56 | D:1      | Reached XP level 2. HP: 19/23 MP: 6/6
   106 | D:1      | Reached skill level 4 in Unarmed Combat
   405 | D:1      | Reached XP level 3. HP: 28/28 MP: 8/8
   417 | D:1      | Found a faded altar of an unknown god.
   503 | D:1      | Glimpsed the power of Zot.
   727 | D:2      | Reached XP level 4. HP: 21/35 MP: 7/9
  1108 | D:2      | Glimpsed the power of Zot.
  1260 | D:3      | Learned a level 4 spell: Ice Form
  1336 | D:2      | Slain by a gnoll

Illustrated notes

Levels and vault maps discovered:
D:1:      minmay_arrival_split_and_join, layout_rooms,
          hellmonk_ecumenical_altar_run_dry
D:2:      layout_loops_ring
D:3:      layout_loops_ring, nzn_wu_jian_contemplation, grunt_gozag_breadcrumbs,
          uniq_jessica

Skill      XL: |  1  2 |
---------------+-------+-----
Unarmed Combat | 4 |  4.9
Spellcasting   | 3 |  3.3
Transmutations | 3 |  3.7
Fighting       | |  1.1
Dodging        | |  2.4
Stealth        | |  0.2

Action                   |  1- 3 |  4- 6 || total
-------------------------+-------+-------++-------
Melee: Unarmed           |    79 |    56 ||   135
       Kick              |    10 |    12 ||    22
       Headbutt          |     3 |     5 ||     8
       Punch             |     1 |     1 ||     2
 Cast: Beastly Appendage |     8 |     4 ||    12
  Use: Potion            |       |     1 ||     1
Armor: Robe              |    30 |    12 ||    42
Dodge: Dodged            |    38 |    33 ||    71

Table legend: (Time is in decaauts)
 A = Elapsed time spent in this place.
 B = Non-inter-level travel time spent in this place.
 C = Inter-level travel time spent in this place.
 D = Time resting spent in this place.
 E = Time spent auto-exploring this place.
 F = Levels seen in this place.
 G = Mean time per level.
                   A        B        C        D        E       F      G
               +--------+--------+--------+--------+--------+-----+--------+
         Total |   1325 |   1231 |     94 |    179 |    734 |   3 |  441.7 |
       Dungeon |   1325 |   1231 |     94 |    179 |    734 |   3 |  441.7 |
               +--------+--------+--------+--------+--------+-----+--------+

Top non-repeatable levels by time:
     D:2: 598 daAuts
     D:1: 536 daAuts
     D:3: 189 daAuts
